 Dungeon Crawl Stone Soup version 0.23-a0-309-ge7838e6 (webtiles) character file.

3 Amnesiac the Sneak (level 1, 0/7 HPs)
             Began as a Felid Earth Elementalist on Oct 11, 2018.
             Slain by a quokka (3 damage)
             ... on level 4 of the Dungeon.
             The game lasted 00:00:52 (186 turns).

Amnesiac the Sneak (Felid Earth Elementalist)        Turns: 186, Time: 00:00:52

Health: 0/7        AC:  1    Str:  4    XL:     1   Next: 41%
Magic:  2/4        EV: 18    Int: 16    God:
Gold:   18         SH:  0    Dex: 16    Spells: 3/4 levels left
                                        Lives:  0   Deaths: 0

rFire    . . .     SeeInvis +   (weapon unavailable)
rCold    . . .     Gourm    .   (shield unavailable)
rNeg     . . .     Faith    .   (armour unavailable)
rPois    .         Spirit   .   (helmet unavailable)
rElec    .         Reflect  .   (cloak unavailable)
rCorr    .         Harm     .   (gloves unavailable)
MR       .....                  (boots unavailable)
Stlth    +++.......             (no amulet)
HPRegen  0.02/turn              (no ring)
MPRegen  0.09/turn              (no ring)

@: quick
A: very small, no armour, no weapons or thrown items, stealth, claws 1, fangs 3,
see invisible, carnivore, speed 1, shaggy fur 1, slow metabolism 1, sharp paws
a: no special abilities


You were on level 4 of the Dungeon.
You were very full.

You visited 1 branch of the dungeon, and saw 4 of its levels.

You collected 18 gold pieces.

Inventory:

Missiles
 b - 26 stones
Scrolls
 d - a scroll of amnesia {!r, unknown}
 e - a scroll of fear {!r, unknown}
 i - a scroll of magic mapping {!r, unknown}
Potions
 a - a potion of lignification {!q, unknown}
 f - a potion of ambrosia {!q, unknown}
 g - a potion of invisibility {!q, unknown}
 h - a potion of resistance {!q, unknown}
Comestibles
 c - a ration


   Skills:
 - Level 2.6 Dodging
 + Level 2.8 Stealth
 - Level 2.0 Spellcasting
   Level 1.1 Transmutations
 * Level 2.8 Earth Magic


You had 3 spell levels left.
You knew the following spells:

 Your Spells              Type           Power        Failure   Level  Hunger
a - Sandblast             Erth           ##....       6%          1    #......

Your spell library contained the following spells:

 Spells                   Type           Power        Failure   Level  Hunger
 Passwall                 Tmut/Erth      #.......     14%         2    ###....
 Stone Arrow              Conj/Erth      #.....       34%         3    ###....
 Petrify                  Tmut/Erth      #.......     67%         4    #####..
 Lee's Rapid Deconstruct  Erth           ##........   87%         5    ######.


Dungeon Overview and Level Annotations

Branches:
Dungeon (4/15)
 Temple: D:4-7

Altars:


Innate Abilities, Weirdness & Mutations

You cannot wear armour.
You are incapable of wielding weapons or throwing items.
Your paws allow you to move quietly. (Stealth)
You have sharp claws.
You have razor-sharp teeth.
You have supernaturally acute eyesight. (SInv)
You are carnivorous and can eat meat at any time.
You cover ground quickly.
You are covered in fur. (AC +1)
You have a slow metabolism.
Your sharp claws are effective at attacking unaware monsters.


Message History

Aim: a hobgoblin, wielding a club The blast of sand hits the hobgoblin.
You kill the hobgoblin!
b - 29 stones
Casting: Sandblast (safe; 7% risk of failure)
Confirm with . or Enter, or press ? or * to list all spells.
You can't see any susceptible monsters within range! (Use Z to cast anyway.)
Things that are here:
a club; a hobgoblin corpse
Found a glowing mace.
Found an escape hatch in the floor.
There is an escape hatch in the floor here.
You slide downwards.
The hatch slams shut behind you.
An orc comes into view.
Found a scroll labeled MIKENE AGUHU.
You see here a scroll labeled MIKENE AGUHU {!r}.
Unknown command.
i - a scroll labeled MIKENE AGUHU {!r}
Casting: Sandblast (safe; 7% risk of failure)
Confirm with . or Enter, or press ? or * to list all spells.
Aiming: Sandblast (safe; 7% risk of failure)
Press: ? - help, Shift-Dir - straight line, f - orc
Aim: an orc The blast of sand hits the orc.
You kill the orc!
b - 28 stones
Casting: Sandblast (safe; 6% risk of failure)
Confirm with . or Enter, or press ? or * to list all spells.
You can't see any susceptible monsters within range! (Use Z to cast anyway.)
You see here an orc corpse.
You butcher the orc corpse.
j - 4 chunks of flesh You see here an orc skeleton.
Eating one of 4 chunks of flesh.
You eat one of the 4 chunks of flesh.
This raw flesh tastes great.
Eating one of 3 chunks of flesh.
You eat one of the 3 chunks of flesh.
This raw flesh tastes great.
Eating one of 2 chunks of flesh.
You eat one of the 2 chunks of flesh.
This raw flesh tastes great.
Eating a chunk of flesh.
You eat the chunk of flesh.
This raw flesh tastes great.
Magic restored.
A quokka comes into view.
A quokka is nearby!
You miss the quokka. The quokka bites you.
Ouch! That really hurt!
* * * LOW HITPOINT WARNING * * *
Casting: Sandblast (safe; 6% risk of failure)
Confirm with . or Enter, or press ? or * to list all spells.
Aiming: Sandblast (safe; 6% risk of failure)
Press: ? - help, Shift-Dir - straight line, f - quokka
Aim: a quokka The blast of sand misses the quokka.
b - 27 stones The quokka completely misses you. x2
Unknown command.
Casting: Sandblast (safe; 6% risk of failure)
Confirm with . or Enter, or press ? or * to list all spells.
Aiming: Sandblast (safe; 6% risk of failure)
Press: ? - help, Shift-Dir - straight line, f/p - quokka
Aim: a quokka The blast of sand misses the quokka.
b - 26 stones The quokka bites you.
You die...

### .... ...
###.# ...# #r.#
#@.# .#
#..####### #.#
#........# #.#
##.#####.# #.#
#.# #.# #.# #.#
#.# #.#
#.#####.###.#
#......#....#
#######.###.#####


You could see a quokka.

Vanquished Creatures
  An orc (D:4)
  A hobgoblin (D:3)
2 creatures vanquished.

Notes
Turn   | Place    | Note
-------+----------+-------------------------------------------
     0 | D:1      | Amnesiac the Felid Earth Elementalist began the quest for
                  | the Orb.
     0 | D:1      | Reached XP level 1. HP: 7/7 MP: 4/4
   186 | D:4      | Slain by a quokka

Vault maps used:
D:1:      minmay_arrival_semitransparent
D:2:      minmay_door_square, serial_bayou_pond_c
D:3:      portal_sewer_entry_f
D:4:      serial_shops, nicolae_shop_behind_doors, shop,
          nicolae_shop_overgrown_old_shop, kennysheep_mini_moat, shop,
          first_ration, uniq_menkaure

Action                   || total
-------------------------++-------
Melee: Unarmed           ||     1
 Cast: Sandblast         ||     4
  Eat: Chunk             ||     4
Dodge: Dodged            ||     6

Table legend:
 A = Non-vault XP
 B = Vault XP
 C = Vault XP percentage of total XP
 D = Non-vault monster count
 E = Vault monster count
 F = Vault count percentage of total count
                 A         B        C        D         E       F
            +---------+---------+-------+---------+---------+-------
      Total |       5 |       0 |   0.0 |       2 |       0 |   0.0
            +---------+---------+-------+---------+---------+-------
        D:3 |       2 |       0 |   0.0 |       1 |       0 |   0.0
        D:4 |       3 |       0 |   0.0 |       1 |       0 |   0.0
            +---------+---------+-------+---------+---------+-------
